 Dungeon Crawl Stone Soup version 0.21.1-1-g345015f (webtiles) character file.

30 Hebeh the Shield-Bearer (level 3, 0/34 HPs)
             Began as a Deep Dwarf Fighter on June 16, 2018.
             Slain by an ogre
             ... wielding a +0 giant spiked club
              (14 damage)
             ... on level 2 of the Dungeon.
             The game lasted 00:03:57 (1246 turns).

Hebeh the Shield-Bearer (Deep Dwarf Fighter)        Turns: 1246, Time: 00:03:57

Health: 0/34       AC: 11    Str: 20    XL:     3   Next: 5%
Magic:  4/4        EV:  3    Int:  8    God:
Gold:   52         SH:  9    Dex: 12    Spells: 3/3 levels left

rFire    . . .     SeeInvis .   a - +0 war axe
rCold    . . .     Gourm    .   c - +0 shield
rNeg     . . .     Faith    .   g - +0 plate armour (curse)
rPois    .         Spirit   .   (no helmet)
rElec    .         Reflect  .   (no cloak)
rCorr    .         Harm     .   (no gloves)
MR       .....                  (no boots)
Stlth    ..........             (no amulet)
HPRegen  0.00/turn              (no ring)
MPRegen  0.09/turn              (no ring)

@: non-regenerating
A: damage resistance, heal wounds, sense surroundings 1, no regeneration
a: Heal Wounds


You were on level 2 of the Dungeon.
You were not hungry.

You visited 1 branch of the dungeon, and saw 2 of its levels.

You collected 52 gold pieces.

Inventory:

Hand Weapons
 a - a +0 war axe (weapon)
Armour
 b - a +0 scale mail
 c - a +0 shield (worn)
 g - a cursed +0 plate armour (worn)
 i - a +0 scale mail of fire resistance
Scrolls
 e - 3 scrolls of identify
 n - a scroll of remove curse {unknown}
Potions
 d - a potion of might
 h - 2 potions of curing {unknown}
 j - a potion of degeneration {unknown}
 k - a potion of haste {unknown}
 l - a potion of mutation {unknown}
 m - a potion of heal wounds {unknown}
Comestibles
 f - 5 rations
 o - 3 chunks of flesh


   Skills:
 + Level 3.0 Fighting
 + Level 2.6 Axes
 + Level 3.6 Armour
 + Level 3.6 Shields
 + Level 0.7 Spellcasting


You had 3 spell levels left.
You didn't know any spells.

Dungeon Overview and Level Annotations

Branches:
Dungeon (2/15)

Altars:
Trog
Xom


Innate Abilities, Weirdness & Mutations

You are resistant to damage.
You can heal yourself by infusing magical energy.
You passively map a small area around you.
You do not regenerate.


Message History

The ogre hits you with a giant spiked club!
You are too injured to fight recklessly!
You are too injured to fight recklessly!
You are too injured to fight recklessly!
You are too injured to fight recklessly!
You are too injured to fight recklessly!
You hit the ogre.
The ogre is moderately wounded.
You block the bat's attack. You block the ogre's attack.
You hit the ogre.
The ogre is moderately wounded.
The bat hits you but does no damage.
The ogre hits you with a giant spiked club!
* * * LOW HITPOINT WARNING * * *
You feel much better. You block the bat's attack.
The ogre hits you with a giant spiked club!
You fail to use your ability.
You block the bat's attack.
You fail to use your ability.
You block the bat's attack.
The ogre hits you with a giant spiked club!
You die...

, , .....#.#..#
#.....#.#.# ,
..#.#.##.#..####.....#.#.#
* *
#....................... ,
...#.......#.########.#..
* * ##.#.......#.# #.### #
#.......#.# #....
#.......#.############
#....b..#.............
#....@..#############. * ,
#>....O........,........
###.......########...... *
#..w...... , .........
.(.......### ##...... *
####......# #...... * *
#......###########.##
...................## * *
, , ..........<.(


You could see an ogre, a worm and a bat.

Vanquished Creatures
  An adder (D:2)
  A dart slug (D:1)
  2 giant cockroaches
  A hobgoblin (D:2)
  3 jackals (D:2)
  A ball python (D:1)
  5 bats (D:1)
  2 frilled lizards
  A kobold (D:1)
  2 rats (D:1)
19 creatures vanquished.

Notes
Turn   | Place    | Note
-------+----------+-------------------------------------------
     0 | D:1      | Hebeh the Deep Dwarf Fighter began the quest for the Orb.
     0 | D:1      | Reached XP level 1. HP: 20/20 MP: 1/1
   390 | D:1      | Reached XP level 2. HP: 27/27 MP: 2/2
   952 | D:2      | Found a bloodstained altar of Trog.
  1173 | D:2      | Reached XP level 3. HP: 30/33 MP: 4/4
  1199 | D:2      | Found a shimmering altar of Xom.
  1237 | D:2      | Noticed an ogre
  1243 | D:2      | HP: 1/34 [ogre/giant spiked club (15)]
  1246 | D:2      | Slain by an ogre

Skill      XL: |  1  2  3 |
---------------+----------+-----
Fighting       | 3 |  3.0
Axes           | |  2.6
Armour         | |  3.6
Shields        | |  3.6
Spellcasting   | |  0.7

Action                   || total
-------------------------++-------
Melee: War axe           ||    68
 Abil: Heal Wounds       ||     1
  Use: Scroll            ||     1
  Eat: Chunk             ||     1
Armor: Plate armour      ||    39
       Scale mail        ||     9
Dodge: Dodged            ||    15
Block: Shield            ||    48
